 Dungeon Crawl Stone Soup version 0.19.1 (webtiles) character file.

254 ChaseSP the Chopper (level 6, -8/47 HPs)
             Began as a Formicid Fighter on Dec 2, 2016.
             Mangled by an ogre
             ... wielding a +0 giant spiked club
              (30 damage)
             ... on level 4 of the Dungeon.
             The game lasted 00:05:07 (2589 turns).

ChaseSP the Chopper (Formicid Fighter)              Turns: 2589, Time: 00:05:08

Health: -8/47      AC: 12    Str: 20    XL:     6   Next: 37%
Magic:  6/6        EV:  4    Int:  8    God:
Gold:   159        SH:  9    Dex: 12    Spells: 0 memorised, 5 levels left

rFire  . . .     SeeInvis +     a - +0 war axe
rCold  . . .     Gourm    .     s - +0 plate armour
rNeg   . . .     Faith    .     c - +0 shield
rPois  .         Spirit   .     (helmet unavailable)
rElec  .         Reflect  .     q - +0 cloak
rCorr  .         Harm     .     (no gloves)
MR     .....                    (no boots)
Stlth  ..........               (no amulet)
                                (no ring)
                                (no ring)

@: no status effects
A: permanent stasis, dig shafts and tunnels, four strong arms, antennae 3
a: Dig, Shaft Self


You were on level 4 of the Dungeon.
You were not hungry.

You visited 1 branch of the dungeon, and saw 4 of its levels.

You collected 159 gold pieces.

Inventory:

Hand Weapons
 a - a +0 war axe (weapon)
Armour
 b - a +0 scale mail
 c - a +0 shield (worn)
 q - a +0 cloak (worn)
 s - a +0 plate armour (worn)
Jewellery
 l - a +1 ring of slaying {unknown}
Wands
 r - a wand of lightning (6/15)
Scrolls
 e - 6 scrolls of identify {unknown}
 j - 3 scrolls of teleportation {unknown}
 m - a scroll of blinking {unknown}
 n - 3 scrolls of remove curse {unknown}
 o - 2 scrolls of immolation {unknown}
 t - a scroll of fear {unknown}
 v - a scroll of random uselessness {unknown}
 x - a scroll of recharging {unknown}
Potions
 d - 2 potions of might
 h - 2 potions of lignification {unknown}
 k - a potion of flight {unknown}
 u - a potion of cancellation {unknown}
 w - a potion of degeneration {unknown}
 z - a potion of berserk rage {unknown}
Comestibles
 f - 3 bread rations
 i - 2 slices of pizza
 p - 2 meat rations


   Skills:
 - Level 3.2 Fighting
 * Level 5.9 Axes
 - Level 3.2 Armour
 + Level 4.3 Shields


You had 5 spell levels left.
You didn't know any spells.

Dungeon Overview and Level Annotations

Branches:
Dungeon (4/15)
 Temple: D:4-7

Altars:
The Shining One


Innate Abilities, Weirdness & Mutations

You are under a permanent stasis effect.
You can dig through walls and to a lower floor.
Your four strong arms can wield two-handed weapons with a shield.
You have a pair of large antennae on your head. (SInv)


Message History

An adder comes into view.
The adder hisses angrily.
You hit the ogre but do no damage. The ogre barely misses you.
You slash the ogre!
The ogre is moderately wounded.
You block the ogre's attack.
You slash the ogre!
The ogre is severely wounded.
You block the ogre's attack.
Your shield and plate armour prevent you from hitting the ogre.
The ogre is severely wounded.
The ogre hits you with a giant spiked club!!
* * * LOW HITPOINT WARNING * * *
A scorpion comes into view.
You barely miss the ogre.
The ogre is severely wounded.
The scorpion moves out of view.
The ogre hits you with a giant spiked club!!
Ouch! That really hurt!
You die...

### #...# ..# #. ...
#.# ##. ... #.# #..
#.##.# #.# #.. #.##.#
#.# #.# #.##.# #.#
#S# ###.##.# #.# #O#
#...##.# ##.###@#.##
#.####.# #........>#
#.####.#
#..###.#..####...##.#
#..# #.#............#
#..# #.#######...####
#..# #.# ##.##
#######..# #.# #.#
.........# #.# ###.#
#######.####.#
##...##


You could see an ogre and an adder.

Vanquished Creatures
  A scorpion (D:4)
  Crazy Yiuf (D:2)
  Ijyb (D:2)
  Natasha (D:3)
  Robin (D:2)
  3 adders
  An ooze (D:3)
  3 worms (D:2)
  2 dart slugs (D:2)
  2 leopard geckos
  An orc (D:3)
  5 ball pythons
  5 giant cockroaches
  5 hobgoblins
  3 jackals (D:3)
  A quokka (D:3)
  5 bats
  2 frilled lizards (D:3)
  13 goblins
  8 kobolds
  8 rats
72 creatures vanquished.

Notes
Turn   | Place    | Note
-------+----------+-------------------------------------------
     0 | D:1      | ChaseSP the Formicid Fighter began the quest for the Orb.
     0 | D:1      | Reached XP level 1. HP: 18/18 MP: 1/1
   287 | D:1      | Reached XP level 2. HP: 18/24 MP: 2/2
   506 | D:1      | Reached skill level 3 in Axes
   910 | D:2      | Reached XP level 3. HP: 26/29 MP: 3/3
  1074 | D:2      | Reached skill level 4 in Axes
  1074 | D:2      | Reached XP level 4. HP: 28/35 MP: 4/4
  1158 | D:2      | Found a runed door.
  1162 | D:2      | Noticed Crazy Yiuf
  1170 | D:2      | Killed Crazy Yiuf
  1215 | D:2      | Noticed Robin
  1233 | D:2      | Killed Robin
  1249 | D:2      | Reached XP level 5. HP: 35/41 MP: 5/5
  1339 | D:2      | Noticed Ijyb
  1347 | D:2      | Killed Ijyb
  1347 | D:2      | Reached skill level 5 in Axes
  1481 | D:2      | You fall through a shaft for 2 floors!
  2108 | D:3      | Found a glowing golden altar of the Shining One.
  2319 | D:3      | Noticed Natasha
  2337 | D:3      | Killed Natasha
  2337 | D:3      | Reached XP level 6. HP: 21/47 MP: 6/6
  2583 | D:4      | Noticed an ogre
  2589 | D:4      | Mangled by an ogre

Skill      XL: |  1  2  3  4  5 |
---------------+----------------+-----
Axes           | 3 4 5 |  5.9
Shields        | 4 |  4.3
Fighting       | |  3.2
Armour         | |  3.2

Action                   |  1- 3 |  4- 6 || total
-------------------------+-------+-------++-------
Melee: War axe           |   109 |   132 ||   241
 Abil: Dig               |       |     1 ||     1
  Eat: Chunk             |     1 |     5 ||     6
Armor: Scale mail        |    63 |    23 ||    86
       Plate armour      |       |    37 ||    37
Dodge: Dodged            |    31 |    27 ||    58
Block: Shield            |    59 |    52 ||   111
